 Dungeon Crawl Stone Soup version 0.20-a0-465-g6513c8f (webtiles) character file.

328 Amnesiac the Vexing (level 6, -4/41 HPs)
             Began as a Mummy Enchanter on Jan 12, 2017.
             Splashed by a jelly's acid (8 damage)
             ... on level 4 of the Dungeon.
             The game lasted 00:07:57 (2614 turns).

Amnesiac the Vexing (Mummy Enchanter)               Turns: 2614, Time: 00:07:58

Health: -4/41      AC: -5    Str: 11    XL:     6   Next: 25%
Magic:  9/13       EV: 10    Int: 15    God:
Gold:   109        SH:  0    Dex: 14    Spells: 8/15 levels left

rFire  x . .     SeeInvis .     m - +4 Vampire's Tooth {vamp}
rCold  + . .     Gourm    .     e - +0 ring mail
rNeg   + + +     Faith    .     (no shield)
rPois  ∞         Spirit   .     (no helmet)
rElec  .         Reflect  .     (no cloak)
rCorr  .         Harm     .     k - +1 pair of gloves
MR     .....                    (no boots)
Stlth  +.........               (no amulet)
                                n - ring of flight
                                i - ring of wizardry

@: corroded, very slightly contaminated
A: no food or potions, fire vulnerability, cold resistance 1, negative energy
resistance 3, torment resistance, unbreathing
a: Evoke Flight


You were on level 4 of the Dungeon.
You were not hungry.

You visited 1 branch of the dungeon, and saw 5 of its levels.

You collected 109 gold pieces.

Inventory:

Hand Weapons
 m - the +4 Vampire's Tooth (weapon) {vamp}
   (You found it on level 4 of the Dungeon)

   It inflicts no extra harm, but heals its wielder when it wounds a living foe.
Armour
 b - a +0 robe
 e - a +0 ring mail (worn)
 k - a +1 pair of gloves (worn)
Jewellery
 i - a ring of wizardry (left hand)
 n - a ring of flight (right hand)
 p - an uncursed amulet of rage {unknown}
Wands
 j - a wand of confusion (29/48)
Scrolls
 d - 2 scrolls of identify {unknown}
 f - 2 scrolls of immolation {unknown}
 g - 2 scrolls of recharging {unknown}
 h - a scroll of amnesia {unknown}
 o - a scroll of enchant armour {unknown}
Books
 c - a book of Maledictions

   Spells                             Type                      Level
   a - Corona                         Hexes                        1
   b - Ensorcelled Hibernation        Hexes/Ice                    2
   c - Confuse                        Hexes                        3
   d - Tukima's Dance                 Hexes                        3
   e - Dazzling Spray                 Conjuration/Hexes            3


   Skills:
 + Level 1.7 Short Blades
 - Level 1.5 Dodging
 - Level 2.4 Stealth
 + Level 5.0 Spellcasting
 * Level 5.2 Hexes


You had 8 spell levels left.
You knew the following spells:

 Your Spells              Type           Power        Failure   Level  Hunger
e - Confuse               Hex            ###.....     7%          3    N/A
f - Corona                Hex            ###....      2%          1    N/A
w - Tukima's Dance        Hex            ###.....     7%          3    N/A

Dungeon Overview and Level Annotations

Branches:
Dungeon (5/15)
 Temple: D:4-7

Altars:
Qazlal

Shops:
D:4 !

Annotations:
D:5 ololoev's ghost, amateur MfFE


Innate Abilities, Weirdness & Mutations

You do not eat or drink.
Your flesh is vulnerable to fire.
You are immune to poison.
Your flesh is cold resistant. (rC+)
You are immune to negative energy. (rN+++)
You are immune to unholy pain and torment.
You can survive without breathing.


Message History

* * * LOW HITPOINT WARNING * * *
The jelly is almost dead.
You hit the jelly but do no damage. The acid corrodes you!
Your hands burn!
* * * LOW HITPOINT WARNING * * *
The jelly is almost dead.
You hit the jelly but do no damage.
Your hands burn!
* * * LOW HITPOINT WARNING * * *
The jelly is almost dead.
You completely miss the jelly.
The jelly is almost dead.
You hit the jelly but do no damage.
Your hands burn!
* * * LOW HITPOINT WARNING * * *
The jelly is almost dead.
Memorise Dazzling Spray, consuming 3 spell levels and leaving 5?
The jelly seems less confused.
You start memorising the spell.
You continue memorising. x3
The jelly hits you.
Your memorisation is interrupted.
* * * LOW HITPOINT WARNING * * *
You are splashed with acid!
The acid burns!
You die...

#.................
##............%....
#...............÷.∩
#.###..#...........
#(# #.##..!........
###.###.##...........
#.....#.##...........
#.......###..........
#...@.### ##.....#...
#...J.# ###.).....
#.....# #.......
#...>.# #.......
#.....# #.......
####### #.......
#....).. #.......
########


You could see a jelly.

Vanquished Creatures
  An ogre (D:4)
  2 vampire bats (D:4)
  A howler monkey (D:5)
  4 worker ants
  A hound skeleton (D:4)
  A shadow imp (D:4)
  An ooze (D:4)
  4 leopard geckos
  An orc (D:3)
  5 goblins
  5 hobgoblins
  3 kobolds (D:1)
  2 quokkas (D:4)
  A ball python (D:2)
  7 bats
  4 frilled lizards
  2 rats (D:1)
45 creatures vanquished.

Notes
Turn   | Place    | Note
-------+----------+-------------------------------------------
     0 | D:1      | Amnesiac the Mummy Enchanter began the quest for the Orb.
     0 | D:1      | Reached XP level 1. HP: 13/13 MP: 4/4
   432 | D:1      | Reached XP level 2. HP: 16/19 MP: 2/5
  1169 | D:2      | Found a faded altar of an unknown god.
  1321 | D:3      | Reached XP level 3. HP: 14/24 MP: 6/8
  1326 | D:3      | Learned a level 3 spell: Confuse
  1330 | D:3      | Learned a level 3 spell: Tukima's Dance
  1768 | D:4      | Reached XP level 4. HP: 11/30 MP: 2/10
  1806 | D:4      | Reached XP level 5. HP: 9/35 MP: 1/11
  2032 | D:4      | Reached skill level 1 in Short Blades
  2113 | D:4      | Found Laaps's Distillery.
  2418 | D:4      | Noticed an ogre
  2424 | D:4      | Killed an ogre
  2424 | D:4      | Reached skill level 5 in Hexes
  2424 | D:4      | Reached XP level 6. HP: 41/41 MP: 5/13
  2543 | D:5      | Entered Level 5 of the Dungeon
  2556 | D:5      | Found a stormy altar of Qazlal.
  2576 | D:5      | Noticed ololoev's ghost (amateur MfFE)
  2577 | D:5      | Reached skill level 5 in Spellcasting
  2614 | D:4      | Splashed by a jelly's acid

Vault maps used:
D:1:      erik_arrival_cave_to_civilisation
D:2:      overflow_temple_1_default, chequers_ecumenical_altar_simple,
          grunt_dithmenos_smoke_and_mirrors, uniq_terence
D:3:      first_bread
D:4:      serial_shops, shop, minmay_guarded_unrand_vampires_tooth
D:5:      lemuel_doored_altar, nicolae_qazlal_style_of_elements,
          kennysheep_little_box, kennysheep_vampire_church

Skill      XL: |  1  2  3  4  5  6 |
---------------+-------------------+-----
Hexes          | 3 4 5 |  5.2
Spellcasting   | 3 4 5 |  5.0
Short Blades   | 1 |  1.7
Dodging        | |  1.5
Stealth        | |  2.4

Action                   |  1- 3 |  4- 6 || total
-------------------------+-------+-------++-------
Melee: Dagger            |    81 |    93 ||   174
       Long sword        |    17 |     6 ||    23
 Cast: Corona            |    28 |       ||    28
       Confuse           |     5 |     5 ||    10
       Tukima's Dance    |       |     1 ||     1
 Stab: Sleeping          |     1 |     1 ||     2
       Confused          |     2 |     2 ||     4
Armor: Robe              |    10 |       ||    10
       Ring mail         |    34 |    52 ||    86
Dodge: Dodged            |    76 |    72 ||   148
       Rpst.: Long sword |    10 |     4 ||    14
